General information
- name: BNet
- type: Ladder team game (AT/RT)
- host: Battle.net
- saver: DeadWeight
map: GolemsInTheMist
- players: 8
- length: 17:33
- speed: Fast
- version: 1.27 W3XP
- replay type: Public
» download(106 KB)
Players
team 1 (loser)
Ellissa87 (
yellow | 48 APM | 720 actions | 15:08)
2 Archmage
1 Summon Water Elemental
1 Brilliance Aura
2 Paladin
1 Holy Light
1 Devotion Aura
» actions
| Basic commands | 25 | |
| Build / train | 45 | |
| Enter build submenu | 19 | |
| Enter hero's abilities submenu | 4 | |
| Remove unit from queue | 6 | |
| Right click | 305 | |
| Select / deselect | 272 | |
| Use ability | 44 | |
720 total
» units
| Peasant | 10 | |
| Spell Breaker | 9 | |
| Priest | 5 | |
24 total
» upgrades
| Swords | 2 | |
| Plating | 2 | |
| Priest Training | 2 | |
6 total
» buildings
| Farm | 8 | |
| Altar of Kings | 1 | |
| Keep | 2 | |
| Arcane Vault | 1 | |
| Blacksmith | 1 | |
| Lumber Mill | 1 | |
| Arcane Sanctum | 2 | |
| Castle | 1 | |
| Scout Tower | 4 | |
| Guard Tower | -3 | |
18 total
» build order
00:20 Farm
01:00 Altar of Kings
01:25 Farm
02:04 Keep
02:04 Keep
02:12 Arcane Vault
02:22 Farm
02:36 Blacksmith
03:01 Lumber Mill
03:17 Farm
04:27 Arcane Sanctum
04:38 Arcane Sanctum
05:02 Farm
05:33 Farm
07:00 Farm
07:04 Farm
09:55 Castle
10:03 Scout Tower
10:05 Scout Tower
10:05 Scout Tower
10:06 Scout Tower
12:07 Guard Tower
12:07 Guard Tower

»
nirsola (
teal | 49 APM | 764 actions | 15:26)
2 Mountain King
1 Storm Bolt
1 Bash
1 Paladin
1 Holy Light
1 Lich
1 Frost Nova
» actions
| Assign group hotkey | 13 | |
| Build / train | 40 | |
| Enter build submenu | 18 | |
| Enter hero's abilities submenu | 4 | |
| Give item / drop item | 4 | |
| Right click | 314 | |
| Select / deselect | 151 | |
| Select group hotkey | 189 | |
| Use ability | 31 | |
764 total
» units
| Peasant | 7 | |
| Footman | 9 | |
| Knight | 1 | |
| Gryphon Rider | 1 | |
18 total
» upgrades
| Lumber Harvesting | 2 | |
| Masonry | 2 | |
| Swords | 1 | |
| Plating | 1 | |
6 total
» buildings
| Barracks | 2 | |
| Altar of Kings | 1 | |
| Farm | 6 | |
| Arcane Vault | 1 | |
| Keep | 1 | |
| Scout Tower | 3 | |
| Lumber Mill | 1 | |
| Guard Tower | 3 | |
| Blacksmith | 1 | |
| Castle | 1 | |
| Gryphon Aviary | 2 | |
22 total
» build order
00:08 Barracks
00:13 Altar of Kings
00:26 Farm
01:09 Farm
01:48 Farm
02:32 Arcane Vault
03:08 Keep
03:44 Scout Tower
04:20 Lumber Mill
05:36 Guard Tower
05:57 Farm
06:17 Blacksmith
06:43 Farm
07:08 Barracks
08:04 Farm
09:19 Scout Tower
09:57 Guard Tower
09:59 Scout Tower
10:03 Castle
10:29 Gryphon Aviary
10:53 Guard Tower
12:51 Gryphon Aviary
» items
| Scroll of Town Portal | 2 | |
| Scroll of Regeneration | 2 | |
| Orb of Fire | 1 | |
5 total
AFKEr_TKEr_BSEr (
blue | 45 APM | 681 actions | 15:04)
4 Death Knight
2 Death Coil
2 Unholy Aura
» actions
| Assign group hotkey | 8 | |
| Basic commands | 6 | |
| Build / train | 46 | |
| Enter build submenu | 18 | |
| Enter hero's abilities submenu | 4 | |
| Right click | 258 | |
| Select / deselect | 206 | |
| Select group hotkey | 92 | |
| Use ability | 43 | |
681 total
» units
| Acolyte | 15 | |
| Ghoul | 7 | |
| Goblin Shredder | 1 | |
| Goblin Zeppelin | 1 | |
| Gargoyle | 3 | |
27 total
» upgrades
| Creature Attack | 2 | |
| Creature Carapace | 2 | |
| Ghoul Frenzy | 1 | |
5 total
» buildings
| Ziggurat | 8 | |
| Crypt | 2 | |
| Graveyard | 1 | |
| Altar of Darkness | 1 | |
| Tomb of Relics | 1 | |
| Nerubian Tower | 2 | |
| Halls of the Dead | 1 | |
| Black Citadel | 1 | |
| Spirit Tower | 1 | |
18 total
» build order
00:24 Ziggurat
00:26 Crypt
01:07 Graveyard
01:10 Ziggurat
02:09 Altar of Darkness
02:13 Tomb of Relics
02:51 Ziggurat
03:07 Nerubian Tower
04:55 Halls of the Dead
06:09 Crypt
06:11 Ziggurat
06:13 Ziggurat
07:59 Black Citadel
09:48 Spirit Tower
11:23 Ziggurat
11:27 Ziggurat
12:23 Nerubian Tower
13:14 Ziggurat
» items
| Rod of Necromancy | 1 | |
| Potion of Healing | 1 | |
| Scroll of Town Portal | 1 | |
3 total

»
bernieisdrunk (
pink | 31 APM | 549 actions | 17:29)
2 Keeper of the Grove
1 Force of Nature
1 Thorns Aura
» actions
| Build / train | 50 | |
| Enter build submenu | 18 | |
| Enter hero's abilities submenu | 2 | |
| Remove unit from queue | 3 | |
| Right click | 266 | |
| Select / deselect | 171 | |
| Use ability | 39 | |
549 total
» units
| Wisp | 13 | |
| Archer | 12 | |
| Druid of the Talon | 8 | |
| Huntress | 7 | |
40 total
» upgrades
| Druid of the Talon Training | 1 | |
| Strength of the Wild | 1 | |
| Strength of the Moon | 1 | |
| Sentinel | 0 | |
3 total
» buildings
| Tree of Ages | 1 | |
| Moon Well | 4 | |
| Altar of Elders | 1 | |
| Ancient of War | 1 | |
| Ancient of Wonders | 1 | |
| Hunter's Hall | 1 | |
| Ancient of Wind | 1 | |
| Ancient Protector | 6 | |
| Tree of Eternity | 1 | |
17 total
» build order
01:18 Tree of Ages
01:22 Moon Well
01:34 Altar of Elders
02:06 Ancient of War
02:40 Moon Well
02:55 Ancient of Wonders
05:18 Hunter's Hall
05:52 Ancient of Wind
06:46 Ancient Protector
07:46 Ancient Protector
08:41 Ancient Protector
08:45 Ancient Protector
08:53 Moon Well
11:13 Moon Well
12:37 Tree of Eternity
12:48 Ancient Protector
12:57 Ancient Protector
team 2 (winner)
TriTon_KinG (
orange | 54 APM | 949 actions | 17:30)
5 Far Seer
3 Feral Spirit
2 Chain Lighting
4 Shadow Hunter
2 Hex
2 Healing Wave
» actions
| Basic commands | 32 | |
| Build / train | 61 | |
| ESC pressed | 1 | |
| Enter build submenu | 13 | |
| Enter hero's abilities submenu | 9 | |
| Give item / drop item | 2 | |
| Remove unit from queue | 6 | |
| Right click | 485 | |
| Select / deselect | 276 | |
| Use ability | 64 | |
949 total
» units
| Peon | 7 | |
| Grunt | 5 | |
| Shaman | 1 | |
| Tauren | 7 | |
| Troll Witch Doctor | 5 | |
25 total
» upgrades
| Shaman Training | 2 | |
| Armor | 3 | |
| Witch Doctor Training | 2 | |
| Melee Weapons | 3 | |
| Pulverize | 1 | |
11 total
» buildings
| Altar of Storms | 1 | |
| Orc Burrow | 6 | |
| Barracks | 1 | |
| Voodoo Lounge | 1 | |
| Stronghold | 1 | |
| War Mill | 1 | |
| Spirit Lodge | 1 | |
| Fortress | 1 | |
| Tauren Totem | 1 | |
14 total
» build order
00:07 Altar of Storms
00:11 Orc Burrow
00:36 Barracks
01:25 Orc Burrow
02:13 Voodoo Lounge
02:46 Stronghold
03:27 Orc Burrow
04:15 War Mill
05:07 Spirit Lodge
05:11 Fortress
06:03 Orc Burrow
08:16 Tauren Totem
10:01 Orc Burrow
14:30 Orc Burrow
» items
| Healing Salve | 1 | |
| Orb of Lightning | 1 | |
| Potion of Healing | 1 | |
3 total

»
hello_its_me (
purple | 40 APM | 692 actions | 17:30)
5 Keeper of the Grove
2 Force of Nature
2 Entangling Roots
1 Thorns Aura
3 Priestess of the Moon
2 Trueshot Aura
1 Searing Arrows
» actions
| Assign group hotkey | 12 | |
| Basic commands | 9 | |
| Build / train | 44 | |
| Enter build submenu | 19 | |
| Enter hero's abilities submenu | 9 | |
| Right click | 341 | |
| Select / deselect | 157 | |
| Select group hotkey | 60 | |
| Use ability | 41 | |
692 total
» units
» upgrades
| Ultravision | 1 | |
| Strength of the Wild | 1 | |
| Reinforced Hides | 1 | |
| Sentinel | 1 | |
| Abolish Magic | 1 | |
| Upgrade Moon Glaive | 1 | |
6 total
» buildings
| Moon Well | 7 | |
| Altar of Elders | 2 | |
| Hunter's Hall | 1 | |
| Ancient of War | 2 | |
| Ancient Protector | 1 | |
| Tree of Ages | 1 | |
| Ancient of Wonders | 1 | |
| Tree of Eternity | 1 | |
| Ancient of Lore | 3 | |
| Tree of Life | 1 | |
20 total
» build order
00:38 Moon Well
00:53 Altar of Elders
01:37 Hunter's Hall
01:45 Moon Well
02:20 Ancient of War
02:42 Ancient of War
02:48 Moon Well
03:09 Ancient Protector
04:55 Moon Well
06:00 Tree of Ages
06:02 Moon Well
07:51 Ancient of Wonders
09:34 Tree of Eternity
09:52 Ancient of Lore
09:57 Ancient of Lore
10:02 Ancient of Lore
12:57 Altar of Elders
15:13 Moon Well
16:45 Moon Well
16:52 Tree of Life
MeePeR-2 (
red | 27 APM | 478 actions | 17:30)
4 Demon Hunter
1 Immolation
2 Evasion
1 Mana Burn
» actions
| Assign group hotkey | 15 | |
| Basic commands | 24 | |
| Build / train | 60 | |
| Enter build submenu | 20 | |
| Enter hero's abilities submenu | 6 | |
| Right click | 145 | |
| Select / deselect | 138 | |
| Select group hotkey | 35 | |
| Use ability | 35 | |
478 total
» units
| Wisp | 17 | |
| Archer | 6 | |
| Huntress | 17 | |
| Dryad | 7 | |
47 total
» upgrades
| Strength of the Moon | 1 | |
| Moon Armor | 2 | |
| Ultravision | 1 | |
| Upgrade Moon Glaive | 1 | |
5 total
» buildings
| Moon Well | 7 | |
| Altar of Elders | 1 | |
| Ancient of War | 1 | |
| Hunter's Hall | 1 | |
| Ancient Protector | 1 | |
| Tree of Ages | 1 | |
| Tree of Life | 1 | |
| Ancient of Lore | 2 | |
| Tree of Eternity | 1 | |
| Ancient of Wind | 1 | |
17 total
» build order
00:19 Moon Well
00:33 Altar of Elders
00:48 Ancient of War
01:16 Moon Well
01:54 Hunter's Hall
02:28 Moon Well
03:32 Ancient Protector
04:16 Tree of Ages
05:30 Moon Well
09:06 Tree of Life
09:10 Ancient of Lore
09:14 Ancient of Lore
13:08 Tree of Eternity
13:13 Moon Well
13:56 Moon Well
14:28 Moon Well
16:14 Ancient of Wind
» items
DeadWeight (
green | 51 APM | 895 actions | 17:33)
5 Blood Mage
3 Flame Strike
2 Siphon Mana
» actions
| Assign group hotkey | 30 | |
| Basic commands | 16 | |
| Build / train | 60 | |
| Enter build submenu | 19 | |
| Enter hero's abilities submenu | 5 | |
| Give item / drop item | 1 | |
| Right click | 358 | |
| Select / deselect | 226 | |
| Select group hotkey | 88 | |
| Use ability | 92 | |
895 total
» units
| Peasant | 12 | |
| Footman | 4 | |
| Goblin Shredder | 1 | |
| Sorceress | 4 | |
| Goblin Sapper | 4 | |
25 total
» upgrades
| Masonry | 3 | |
| Sorceress Training | 1 | |
| Magic Sentry | 1 | |
5 total
» buildings
| Altar of Kings | 1 | |
| Barracks | 1 | |
| Farm | 5 | |
| Scout Tower | 14 | |
| Arcane Tower | 1 | |
| Arcane Vault | 1 | |
| Keep | 1 | |
| Town Hall | 1 | |
| Lumber Mill | 1 | |
| Arcane Sanctum | 1 | |
| Guard Tower | 3 | |
| Castle | 1 | |
31 total
» build order
00:34 Altar of Kings
00:35 Barracks
00:49 Farm
00:50 Farm
01:04 Farm
01:39 Farm
02:03 Scout Tower
03:04 Arcane Tower
03:07 Arcane Vault
04:55 Farm
04:58 Keep
05:05 Town Hall
05:13 Lumber Mill
07:20 Arcane Sanctum
08:13 Scout Tower
08:14 Scout Tower
08:14 Scout Tower
08:15 Scout Tower
08:16 Scout Tower
08:33 Scout Tower
08:33 Scout Tower
08:34 Scout Tower
08:34 Scout Tower
08:36 Scout Tower
08:37 Scout Tower
08:39 Scout Tower
08:39 Scout Tower
09:09 Guard Tower
09:12 Guard Tower
09:27 Castle
11:02 Guard Tower
» items
| Scroll of Regeneration | 2 | |
| Mechanical Critter | 3 | |
| Potion of Healing | 5 | |
| Potion of Mana | 4 | |
| Scroll of Town Portal | 2 | |
| Lesser Clarity Potion | 2 | |
18 total
Chat log
(00:04 / Allies) TriTon_KinG: omfg
(00:11 / Allies) DeadWeight: I'm playin
(00:20 / Allies) MeePeR-2: Cx
(00:24 / Allies) DeadWeight: I like dis map
(00:28 / Allies) MeePeR-2: im scared he knows what he did wrong
(00:39 / Allies) TriTon_KinG: rush??
(00:43 / Allies) DeadWeight: I not rush
(00:49 / Allies) TriTon_KinG: kk
(00:53 / Allies) TriTon_KinG: i go Tauren Shama
(00:53 / Allies) DeadWeight: but they're probably massing
(00:55 / Allies) DeadWeight: so get t1
(01:35 / Allies) DeadWeight: I'm taking dat
(01:42 / Allies) MeePeR-2: ight
(08:12 / Allies) MeePeR-2: dont follow oj
(09:42 / Allies) MeePeR-2: i backed
(10:28 / Allies) MeePeR-2: Cx
(10:34 / Allies) MeePeR-2: locked myself in greens base
(10:40 / Allies) MeePeR-2: someone bring me tp?
(10:49 / Allies) TriTon_KinG: break a tower
(10:53 / Allies) TriTon_KinG: top one
(11:05 / Allies) MeePeR-2: is it cool with you green?
(11:17 / Allies) MeePeR-2: GREEN
(11:21 / Allies) DeadWeight: wut
(11:28 / Allies) MeePeR-2: i trapped myself in your base
(11:37 / Allies) MeePeR-2: thanks
(11:42 / Allies) MeePeR-2: i was gonna ask
(11:45 / Allies) DeadWeight: help yoru battle buddy!
(11:48 / Allies) DeadWeight: help yoru battle buddy!
(12:38 / All) Ellissa87: green you need to get laid
(12:40 / Allies) TriTon_KinG: we hit
(12:41 / Allies) DeadWeight: lol
(12:52 / All) DeadWeight: I HAVE 3SOME EVERY 2 WEEK!!!!!11
(12:59 / All) Ellissa87: sure ya do
(13:01 / Allies) MeePeR-2: Cx
(13:06 / All) DeadWeight: SUPERMODELS
(13:26 / Allies) TriTon_KinG: i have healing ward
(13:29 / Allies) TriTon_KinG: just micro